 Dungeon Crawl Stone Soup version 0.30.1-4-g462c640d31 (webtiles) character file.

Game seed: 7719117359613454976

4353 Graphine the Thrower (level 10, -3/85 HPs)
             Began as a Merfolk Fighter on Aug 18, 2023.
             Was an Initiate of Gozag.
             Killed from afar by an electric eel (10 damage)
             ... with a bolt of electricity
             ... on level 8 of the Dungeon.
             The game lasted 00:15:04 (7142 turns).

Graphine the Thrower (Merfolk Fighter)              Turns: 7142, Time: 00:15:06

Health: -3/85      AC: 11    Str: 25    XL:     10   Next: 34%
Magic:  0/10       EV: 11    Int:  7    God:    Gozag
Gold:   577        SH:  4    Dex: 13    Spells: 9/9 levels left

rFire   . . .        a - +2 trident
rCold   . . .        c - +0 buckler
rNeg    . . .        j - +0 steam dragon scales
rPois   +            r - +0 helmet
rElec   .            e - +1 cloak
rCorr   .            d - +1 pair of gloves of the Beggar {Str+3}
SInv    .            A - +0 pair of boots
Will    +....        o - amulet of guardian spirit
Stlth   +            i - ring of poison resistance
HPRegen 0.34/turn    v - ring of willpower
MPRegen 0.12/turn

%: guardian spirit
@: about to teleport
A: (nimble swimmer 2), mertail
a: Renounce Religion, Potion Petition, Call Merchant, Bribe Branch


You were on level 8 of the Dungeon.
You worshipped Gozag.
Gozag was pleased with you.
You visited 1 branch of the dungeon, and saw 8 of its levels.

You collected 906 gold pieces.
You spent 81 gold pieces at shops.
You paid 248 gold pieces to Gozag.

Inventory:

Hand Weapons
 a - a +2 trident (weapon)
Armour
 b - a +0 scale mail
 c - a +0 buckler (worn)
 d - the +1 pair of gloves of the Beggar (worn) {Str+3}
   (You acquired it on level 7 of the Dungeon)

   Str:       It affects your strength (+3).
 e - a +1 cloak (worn)
 j - +0 steam dragon scales (worn)
 r - a +0 helmet (worn)
 u - the +0 plate armour of Polytheism {rN+}
   (You found it on level 5 of the Dungeon)

   rN:        It protects you from negative energy.
 A - a +0 pair of boots (worn)
Jewellery
 i - a ring of poison resistance (left hand)
 o - an amulet of guardian spirit (around neck)
 v - a ring of willpower (right hand)
Wands
 p - a wand of paralysis (2)
 B - a wand of polymorph (4)
Scrolls
 f - a scroll of silence
 g - a scroll of fear
 l - a scroll of identify
 C - 2 scrolls of magic mapping
Potions
 k - a potion of mutation
 m - 4 potions of attraction
 n - a potion of lignification
 q - a potion of might
 s - 3 potions of curing
 t - 3 potions of flight
 x - a potion of berserk rage
 z - a potion of ambrosia


   Skills:
 + Level 9.9 Fighting
 - Level 3.0 Polearms
 * Level 11.9 Throwing
 - Level 2.2 Armour
 - Level 3.0 Shields


You had 9 spell levels left.
You didn't know any spells.
Your spell library contained the following spells:

 Spells                   Type           Power      Damage    Failure   Level
 Ensorcelled Hibernation  Hex/Ice        0%         N/A       63%         2
 Hailstorm                Conj/Ice       0%         3d3       86%         3
 Portal Projectile        Hex/Tloc       0%         N/A       86%         3
 Spider Form              Tmut/Pois      0%         N/A       86%         3
 Tukima's Dance           Hex            0%         N/A       86%         3
 Anguish                  Hex/Necr       0%         N/A       99%         4
 Ice Form                 Ice/Tmut       0%         N/A       99%         4
 Blade Hands              Tmut           0%         N/A       100%        5
 Simulacrum               Ice/Necr       Unusable   N/A       N/A         6

Dungeon Overview and Level Annotations

Branches:
Dungeon (8/15)             Temple (0/1) D:7            Lair (0/5) D:8

Altars:
Elyvilon
Gozag
Vehumet
Yredelemnul

Shops:
D:5 !:*   D:6 *

Annotations:
D:4 3 runed translucent doors, Sneal's ghost, novice FoFi; aeroqp's ghost, amateur VSCj; glosham's ghost, amateur DsRe
D:8 1 runed translucent door


Innate Abilities, Weirdness & Mutations

((You are very nimble when in or above water. (Stealth+, EV+, Speed+++)))
Your lower body shifts to a powerful aquatic tail in water.


Message History

The wolf is almost dead.
The wolf bites you. The wolf barely misses you.
You hit the wolf.
The wolf is almost dead.
You block the wolf's attack. The wolf bites you!
You hit the wolf.
You kill the wolf!
No target in view!
No target in view!
A troll comes into view.
A troll is nearby!
An electric eel comes into view.
Things that are here:
4 gold pieces; a poisoned dart Nothing quivered!
Found a ring mail.
The troll shouts!
You reach to attack!
You hit the troll but do no damage. You barely miss the troll.
The electric eel shoots out a bolt of lightning at you!
The bolt of electricity hits you! x2; The troll closely misses you.
The troll claws you. The troll claws you but does no damage.
You are too injured to fight recklessly!
You are too injured to fight recklessly!
The electric eel shoots out a bolt of lightning at you!
The bolt of electricity misses you. The troll attacks as you move away!
The troll bites you. The troll claws you but does no damage.
The troll barely misses you.
The electric eel shoots out a bolt of lightning at you!
The bolt of electricity hits you!!
* * * LOW HITPOINT WARNING * * *
As you read the scroll of teleportation, it crumbles to dust.
You feel strangely unstable.
The electric eel shoots out a bolt of lightning at you!
The bolt of electricity hits you!
* * * LOW HITPOINT WARNING * * *
The electric eel shoots out a bolt of lightning at you!
The bolt of electricity hits you!
You die...
Your body crumbles into a pile of gold.

.......# ###.##.# #.##.#
###.##.# ....##.## #### #
#####...#### #.. .#
#......# #.# ..# #
#...##[# ####$#...### ##
##.##..# ##.@T........ .#
#...#.####..$....(....
######........./$~..(~(.[~
.....#..#.#####..~~~≈~.~.~
.....#.##.# #.~~.~≈≈.S.~
#....####.# #...~~≈≈.S≈≈
#....# #.# #....≈≈≈.~≈≈
'....# #.# #..~~.~~.~≈≈
#....# #.# #..≈≈≈...~


You could see a troll and 2 electric eels.

Vanquished Creatures
  Maggie (D:6)
  A hornet (D:7)
  2 wyverns
  A steam dragon (D:7)
  An orc warrior (D:7)
  A sky beast (D:8)
  An ice beast (D:7)
  An ogre (D:4)
  8 wolves (D:8)
  A phantom (D:6)
  3 bullfrogs
  10 scorpions
  A gnoll sergeant (D:7)
  7 wights (D:8)
  7 killer bees (D:8)
  A howler monkey (D:7)
  6 jellies
  4 hounds
  2 orc priests
  A sleepcap (D:5)
  7 iguanas
  A hound zombie (D:3)
  9 adders
  5 gnolls
  2 shadow imps
  2 white imps
  An adder zombie (D:3)
  3 dart slugs
  19 orcs
  4 ball pythons
  2 bats
  4 endoplasms
  7 giant cockroaches
  3 goblins
  4 hobgoblins
  7 kobolds
  6 quokkas
  A frilled lizard (D:2)
  5 rats
152 creatures vanquished.

Notes
Turn   | Place    | Note
-------+----------+-------------------------------------------
     0 | D:1      | Graphine the Merfolk Fighter began the quest for the Orb.
     0 | D:1      | Reached XP level 1. HP: 18/18 MP: 1/1
   115 | D:1      | Reached XP level 2. HP: 24/24 MP: 2/2
   142 | D:1      | Found a faded altar of an unknown god.
   463 | D:2      | Reached skill level 1 in Throwing
   505 | D:2      | Reached XP level 3. HP: 30/30 MP: 3/3
   516 | D:2      | Reached skill level 2 in Throwing
  1048 | D:2      | Reached XP level 4. HP: 37/37 MP: 4/4
  1567 | D:3      | Reached skill level 3 in Throwing
  1595 | D:3      | Found a basalt altar of Yredelemnul.
  1892 | D:3      | Noticed an ogre
  1907 | D:3      | Reached XP level 5. HP: 42/42 MP: 5/5
  2020 | D:3      | Found a radiant altar of Vehumet.
  2376 | D:4      | Reached skill level 4 in Throwing
  2387 | D:4      | Killed an ogre
  2388 | D:4      | Reached skill level 5 in Fighting
  2388 | D:4      | Reached XP level 6. HP: 44/51 MP: 4/6
  2423 | D:4      | Reached skill level 5 in Throwing
  2638 | D:4      | Found a runed translucent gate.
  2639 | D:4      | Found a runed translucent gate.
  2639 | D:4      | Found a runed translucent gate.
  2819 | D:4      | Reached XP level 7. HP: 53/56 MP: 7/7
  3076 | D:4      | Noticed glosham's ghost (amateur DsRe)
  3076 | D:4      | Noticed aeroqp's ghost (amateur VSCj)
  3076 | D:4      | Noticed Sneal's ghost (novice FoFi)
  3234 | D:5      | Entered Level 5 of the Dungeon
  3292 | D:5      | Reached skill level 6 in Throwing
  3344 | D:5      | Identified the +0 plate armour of Polytheism {rN+}
  3621 | D:5      | Found Antic's Distillery.
  3650 | D:5      | Found Xero Ji Xae's Book Shop.
  3665 | D:5      | Found Uvov's Assorted Antiques.
  3673 | D:5      | Bought a sapphire potion for 15 gold pieces
  3673 | D:5      | Bought a scroll of identify for 34 gold pieces
  3673 | D:5      | Bought a silvery potion for 15 gold pieces
  3673 | D:5      | Bought a scroll labelled FYOSUKADOFF for 17 gold pieces
  4266 | D:6      | Noticed Maggie
  4273 | D:6      | Reached XP level 8. HP: 65/65 MP: 8/8
  4294 | D:6      | Killed Maggie
  4295 | D:6      | Reached skill level 7 in Throwing
  4682 | D:6      | Found an opulent altar of Gozag.
  4685 | D:6      | Found Gozag's Platinum Reserve.
  4699 | D:6      | Reached skill level 8 in Throwing
  4725 | D:6      | Became a worshipper of Gozag Ym Sagoz the Greedy
  4882 | D:7      | Identified the +1 ring mail of the Serpent {SInv}
  4949 | D:7      | Reached skill level 9 in Throwing
  4949 | D:7      | Reached XP level 9. HP: 22/74 MP: 3/9
  5130 | D:7      | Found a staircase to the Ecumenical Temple.
  5291 | D:7      | Noticed a hornet
  5301 | D:7      | Killed a hornet
  5772 | D:7      | Reached skill level 10 in Throwing
  5830 | D:7      | Found a white marble altar of Elyvilon.
  5978 | D:7      | Identified a scroll of acquirement
  5978 | D:7      | Acquired the +1 pair of gloves of the Beggar {Str+3}
  6093 | D:8      | Reached skill level 11 in Throwing
  6220 | D:8      | Reached XP level 10. HP: 65/83 MP: 8/10
  6289 | D:8      | Found a staircase to the Lair.
  6825 | D:8      | Found a runed translucent door.
  6827 | D:8      | Found a runed translucent door.
  7142 | D:8      | Killed from afar by an electric eel

Illustrated notes

Levels and vault maps discovered:
D:1:      wander_arrival_lonely_grave, layout_basic,
          hellmonk_ecumenical_altar_arch_garden
D:2:      layout_basic, minmay_tromino_v4_a
D:3:      layout_basic, lemuel_zombie_altar_yredelemnul,
          mainiacjoe_overflow_brackets, skrybe_limestone_x, serial_bayou_pond_c,
          corexii_leaking_fountain, serial_bayou_pond_c
D:4:      layout_cave_pods, gammafunk_ghost_cemetery
D:5:      layout_basic, serial_shops, nicolae_shop_stone,
          nicolae_shop_just_a_little_nook, nicolae_shop_just_a_little_nook
D:6:      layout_rooms, nicolae_gozag_zags_fifth_avenue, uniq_maggie
D:7:      layout_basic, kennysheep_mini, minmay_temple_entry_drinking_statues
D:8:      lemuel_insect_pit, layout_loops_corners, mainiacjoe_overflow_alcove_2,
          mainiacjoe_overflow_six_doors_small, erik_lair_island, enter_bailey_2

Skill      XL: |  1  2  3  4  5  6  7  8  9 |
---------------+----------------------------+-----
Polearms       | 3 |  3.0
Throwing       | 1 2 3 4 5 6 9 11 | 11.9
Fighting       | 4 5 6 7 9 |  9.9
Armour         | |  2.2
Shields        | |  3.0

Action                     |  1- 3 |  4- 6 |  7- 9 | 10-12 || total
---------------------------+-------+-------+-------+-------++-------
  Melee: Trident           |    80 |   118 |   299 |   139 ||   636
  Throw: Stone             |     2 |    20 |    65 |     3 ||    90
         Boomerang         |       |    21 |       |       ||    21
         Dart              |       |       |       |     9 ||     9
 Invoke: Potion Petition   |       |       |     1 |       ||     1
  Evoke: Wand              |       |       |     7 |       ||     7
    Use: Scroll            |     1 |     8 |    13 |     1 ||    23
         Potion            |       |     1 |     3 |     1 ||     5
   Stab: Paralysed         |       |       |    13 |       ||    13
 Armour: Scale mail        |    21 |    45 |     8 |       ||    74
         Plate armour      |       |       |    37 |       ||    37
         Steam dragon scal |       |       |    47 |    62 ||   109
  Dodge: Dodged            |    21 |    48 |   131 |    91 ||   291
  Block: Buckler           |    10 |    24 |    68 |    37 ||   139
